 Dungeon Crawl Stone Soup version 0.24-a0-123-ga2403f3 (console) character file.

Game seed: 4344562856201188733

113 Duffy the Chopper (level 4, -14/39 HPs)
             Began as a Naga Gladiator on Feb 22, 2019.
             Demolished by a bog mummy (15 damage)
             ... in an ossuary.
             The game lasted 00:02:55 (3782 turns).

Duffy the Chopper (Naga Gladiator)                  Turns: 3782, Time: 00:02:56

Health: -14/39     AC:  5    Str: 17    XL:     4   Next: 96%
Magic:  4/4        EV:  9    Int:  9    God:
Gold:   187        SH:  0    Dex: 12    Spells: 3/3 levels left

rFire    . . .     SeeInvis +   a - +0 war axe
rCold    . . .     Gourm    .   (no shield)
rNeg     . . .     Faith    .   t - +0 ring mail
rPois    +         Spirit   .   c - +0 helmet
rElec    .         Reflect  .   s - +0 cloak
rCorr    .         Harm     .   (no gloves)
MR       .....                  (no barding)
Stlth    ++........             m - amulet of the acrobat
HPRegen  0.13/turn              g - ring of flight
MPRegen  0.09/turn              q - ring of stealth

@: slowed, very slow
A: large, see invisible, deformed body, poison resistance, slowness 2, slow
metabolism 1, spit poison 1, AC +1
a: Spit Poison, Evoke Flight


You were in an ossuary.
You were not hungry.

You visited 1 branch of the dungeon, and saw 4 of its levels.
You also visited: Ossuary.

You collected 187 gold pieces.

Inventory:

Hand Weapons
 a - a +0 war axe (weapon)
Missiles
 d - 5 throwing nets (quivered)
Armour
 c - a +0 helmet (worn)
 s - a +0 cloak (worn)
 t - a +0 ring mail (worn)
Jewellery
 g - a ring of flight (left hand)
 m - an amulet of the acrobat (around neck)
 q - a ring of stealth (right hand)
Scrolls
 l - a scroll of fog {unknown}
 n - 3 scrolls of teleportation
 r - 2 scrolls of enchant weapon {unknown}
Potions
 e - 2 potions of flight
 h - a potion of curing
 i - a potion of ambrosia {unknown}
 j - a potion of brilliance {unknown}
 k - 3 potions of lignification {unknown}
 o - a potion of haste {unknown}
 p - a potion of heal wounds {unknown}
Comestibles
 f - 7 rations


   Skills:
 - Level 2.0 Fighting
 + Level 5.5 Axes
 - Level 1.7 Throwing
 - Level 2.4 Dodging


You had 3 spell levels left.
You didn't know any spells.
Your spell library was empty.

Dungeon Overview and Level Annotations

Branches:
Dungeon (4/15)
 Temple: D:4-7

Altars:
Cheibriados

Shops:
D:4 =

Annotations:
D:2 Dig
D:3 Sigmund


Innate Abilities, Weirdness & Mutations

You cannot wear boots.
Your serpentine skin is tough. (AC +1)
You have supernaturally acute eyesight. (SInv)
Armour fits poorly on your strangely shaped body.
Your system is resistant to poisons. (rPois)
You cover ground very slowly.
You have a slow metabolism.
You can spit poison.


Message History

You closely miss the killer bee zombie. You closely miss the bog mummy.
The killer bee zombie completely misses you.
The killer bee zombie closely misses you.
The bog mummy barely misses you. The killer bee zombie hits you.
The bog mummy barely misses you.
Your ring mail prevents you from hitting the bog mummy.
The bog mummy is almost destroyed.
You hit the bog mummy but do no damage. You slash the killer bee zombie!
The killer bee zombie barely misses you. x2
The bog mummy barely misses you. The killer bee zombie hits you.
The bog mummy hits you!
You barely miss the bog mummy.
The bog mummy is almost destroyed.
You barely miss the killer bee zombie. You barely miss the bog mummy.
The killer bee zombie hits you but does no damage.
The killer bee zombie hits you. The bog mummy casts a spell at you.
You resist with some effort. The killer bee zombie hits you.
The bog mummy hits you!
You die...

..+ #.#
#.+ +.#
#~~ ###.#
#.'Z+
#####@#
#\..#MM.#
#.\.'M#~#
#...#.'.~#
#####~#
#~~ ~~~
~#~ #~~# ~
~ #P#~ #
~~#~~


You could see 3 bog mummies and a killer bee zombie.

Vanquished Creatures
  3 gnolls (D:2)
  An adder (D:2)
  3 dart slugs (D:1)
  2 leopard geckos
  An orc (D:3)
  A ball python (D:2)
  6 bats
  5 giant cockroaches
  3 goblins
  5 hobgoblins
  5 jackals (D:1)
  6 kobolds
  A quokka (D:3)
  9 frilled lizards
  A quokka zombie (Ossuary)
  16 rats
68 creatures vanquished.

Notes
Turn   | Place    | Note
-------+----------+-------------------------------------------
     0 | D:1      | Duffy the Naga Gladiator began the quest for the Orb.
     0 | D:1      | Reached XP level 1. HP: 19/19 MP: 1/1
   133 | D:1      | Reached XP level 2. HP: 19/26 MP: 2/2
   937 | D:1      | Reached skill level 4 in Axes
   991 | D:1      | Reached XP level 3. HP: 27/32 MP: 3/3
  2204 | D:2      | Found a snail-covered altar of Cheibriados.
  2522 | D:2      | Reached XP level 4. HP: 39/39 MP: 4/4
  3018 | D:2      | Reached skill level 5 in Axes
  3753 | D:3      | Noticed Sigmund
  3759 | D:4      | Found a sand-covered staircase.
  3759 | D:4      | Noticed an ogre
  3760 | D:4      | Found Ebeuvid's Jewellery Shop.
  3765 | Ossuary  | Entered an ossuary
  3782 | Ossuary  | HP: 1/39 [killer bee zombie (3)]
  3782 | Ossuary  | Demolished by a bog mummy

Levels and vault maps discovered:
D:1:      onia_arrival_larder, layout_basic
D:2:      layout_loops_ring, lemuel_round_altar, chequers_serial_rivers_micro_e,
          serial_bayou_pond_c, dk_noncrumbling_4, serial_bayou_pond_d,
          due_unseen_surprise
D:3:      layout_loops_cross, first_ration, uniq_sigmund
D:4:      layout_basic, minmay_overflow_temple_star_hex,
          nicolae_ossuary_entry_monument, gup_sewer_entry_bowl, serial_shops,
          shop, nicolae_shop_stone, shop
Ossuary:  ossuary_zaba_flooded

Skill      XL: |  1  2  3  4 |
---------------+-------------+-----
Axes           | 4 5 |  5.5
Fighting       | |  2.0
Throwing       | |  1.7
Dodging        | |  2.4

Action                   |  1- 3 |  4- 6 || total
-------------------------+-------+-------++-------
Melee: War axe           |   121 |    78 ||   199
 Abil: Spit Poison       |     1 |     2 ||     3
  Use: Scroll            |     3 |     2 ||     5
 Stab: Sleeping          |     2 |     3 ||     5
  Eat: Chunk             |     3 |     4 ||     7
Armor: Leather armour    |    33 |    16 ||    49
       Ring mail         |       |    16 ||    16
Dodge: Dodged            |    79 |    95 ||   174

Table legend:
 A = Non-vault XP
 B = Vault XP
 C = Vault XP percentage of total XP
 D = Non-vault monster count
 E = Vault monster count
 F = Vault count percentage of total count
                 A         B        C        D         E       F
            +---------+---------+-------+---------+---------+-------
      Total |     148 |      14 |   8.6 |      57 |      11 |  16.2
            +---------+---------+-------+---------+---------+-------
        D:1 |      50 |      13 |  20.6 |      25 |      10 |  28.6
        D:2 |      80 |       0 |   0.0 |      20 |       0 |   0.0
        D:3 |      18 |       0 |   0.0 |      12 |       0 |   0.0
    Ossuary |       0 |       1 | 100.0 |       0 |       1 | 100.0
            +---------+---------+-------+---------+---------+-------
